 Dungeon Crawl Stone Soup version 0.30-a0-1066-g63dfefce0d (webtiles) character file.

Game seed: 18149433477350914582

69181 Newt the Crack Shot (level 15, -1/81 HPs)
             Began as a Kobold Hunter on Apr 12, 2023.
             Was a High Priest of Hepliaklqana.
             Succumbed to a redback's poison
             ... on level 1 of the Spider Nest.
             The game lasted 00:28:03 (20296 turns).

Newt the Crack Shot (Kobold Hunter)                Turns: 20296, Time: 00:28:03

Health: -1/81      AC: 21    Str:  8    XL:     15   Next: 73%
Magic:  13/25      EV: 15    Int: 15    God:    Hepliaklqana [*****.]
Gold:   685        SH:  0    Dex: 25    Spells: 26/28 levels left

rFire   . . .      SeeInvis +    C - +27 heavy crossbow "Sniper" {heavy, Acc+∞ SInv}
rCold   x . .      Faith    .    (shield currently unavailable)
rNeg    + . .      Spirit   +    e - +1 shadow dragon scales
rPois   .          Reflect  .    S - +2 hat
rElec   .          Rampage  +    J - +2 cloak
rCorr   +                        I - +0 pair of gloves
Will    +....                    T - +2 pair of boots of Gosoef {Rampage rN+ rCorr Int+3}
Stlth   ++++++                   V - amulet of guardian spirit
HPRegen 0.33/turn                k - ring of resist corrosion
MPRegen 0.19/turn                U - +5 ring of evasion

@: lethally poisoned (-1 -> -120)
A: reduced essence, small, no large weapons, nightstalker 3, wild magic 1, cold
vulnerability 1
a: Renounce Religion, Recall Ancestor, Ancestor Identity, Transference, Idealise


You were on level 1 of the Spider Nest.
You worshipped Hepliaklqana.
Hepliaklqana was extremely pleased with you.
You visited 4 branches of the dungeon, and saw 18 of its levels.
You also visited: Sewer and Volcano.

You collected 2459 gold pieces.
You spent 1774 gold pieces at shops.

Inventory:

Hand Weapons
 C - the +27 heavy crossbow "Sniper" (weapon) {heavy, Acc+∞ SInv}
   (You bought it in a shop on level 1 of the Orcish Mines)

   Acc+∞: It never misses its target.
   SInv:      It lets you see invisible.
Armour
 c - the +8 plate armour "Xomebb" {Dex+2 Stlth+}
   (You found it on level 4 of the Lair of Beasts)

   Dex:       It affects your dexterity (+2).
   Stlth:     It makes you more stealthy.
 e - +1 shadow dragon scales (worn)
 q - a +3 leather armour
 u - a +0 leather armour of fire resistance
 I - a +0 pair of gloves (worn)
 J - a +2 cloak (worn)
 S - a +2 hat (worn)
 T - the +2 pair of boots of Gosoef (worn) {Rampage rN+ rCorr Int+3}
   (You found it on level 3 of the Lair of Beasts)

   Int:       It affects your intelligence (+3).
   rN:        It protects you from negative energy.
   rCorr:     It protects you from acid and corrosion.
   Rampage:   It bestows one free step when moving towards enemies.
Jewellery
 k - a ring of resist corrosion (left hand)
 n - a ring of protection from cold
 s - a ring of ice
 v - an amulet of magic regeneration
 Q - a ring of wizardry
 U - a +5 ring of evasion (right hand)
 V - an amulet of guardian spirit (around neck)
 X - a ring of flight
Wands
 i - a wand of mindburst (5)
 x - a wand of charming (7)
 z - a wand of acid (13)
 E - a wand of roots (20)
 P - a wand of polymorph (7)
 R - a wand of flame (6)
 W - a wand of digging (9)
Scrolls
 a - a scroll of enchant weapon
 b - 4 scrolls of immolation
 d - a scroll of fear
 l - 3 scrolls of brand weapon
 o - 7 scrolls of teleportation
 p - 6 scrolls of fog
 r - a scroll of amnesia
 G - a scroll of summoning {unknown}
 H - 2 scrolls of enchant armour
 L - 2 scrolls of blinking
 N - a scroll of silence {unknown}
 Y - a scroll of magic mapping
Potions
 f - 4 potions of haste
 g - 3 potions of resistance
 h - 3 potions of flight
 j - a potion of magic
 m - 5 potions of heal wounds
 t - a potion of cancellation
 w - 6 potions of curing
 A - 2 potions of lignification {unknown}
 B - a potion of brilliance {unknown}
 F - 2 potions of berserk rage
 O - a potion of invisibility


   Skills:
 - Level 9.0 Fighting
 + Level 21.5 Ranged Weapons
 - Level 16.0 Dodging
 - Level 6.0 Stealth
 - Level 7.0 Spellcasting
 - Level 7.0 Transmutations
 - Level 9.0 Invocations
 - Level 6.0 Evocations


You had 26 spell levels left.
You knew the following spells:

 Your Spells              Type           Power      Damage    Failure   Level
a - Wereblood             Tmut           34%        N/A       95%         2

Your spell library contained the following spells:

 Spells                   Type           Power      Damage    Failure   Level
 Kiss of Death            Conj/Necr      24%        2d7       100%        1
 Magic Dart               Conj           24%        1d4       100%        1
 Sting                    Tmut/Pois      80%        1d7       100%        1
 Blink                    Tloc           12%        N/A       100%        2
 Cigotuvi's Dreadful Rot  Necr/Pois/Air  12%        N/A       100%        2
 Ensorcelled Hibernation  Hex/Ice        12%        N/A       100%        2
 Passwall                 Tmut/Erth      16%        N/A       100%        2
 Searing Ray              Conj           12%        2d4       100%        2
 Sublimation of Blood     Necr           6%         N/A       100%        2
 Confusing Touch          Hex            6%         N/A       100%        3
 Hailstorm                Conj/Ice       6%         3d4       100%        3
 Ignite Poison            Fire/Tmut/Pois 15%        N/A       100%        3
 Spider Form              Tmut/Pois      20%        N/A       100%        3
 Volatile Blastmotes      Fire/Tloc      12%        2d11      100%        3
 Anguish                  Hex/Necr       3%         N/A       100%        4
 Dispel Undead            Necr           6%         3d8       100%        4
 Fulminant Prism          Conj/Hex       3%         3d5       100%        4
 Ice Form                 Ice/Tmut       20%        N/A       100%        4
 Iskenderun's Mystic Bla  Conj/Tloc      6%         2d4       100%        4
 Manifold Assault         Tloc           6%         N/A       100%        4
 Petrify                  Tmut/Erth      20%        N/A       100%        4
 Blade Hands              Tmut           17%        N/A       100%        5
 Freezing Cloud           Conj/Ice/Air   3%         6-21      100%        5
 Irradiate                Conj/Tmut      10%        3d15      100%        5
 Lee's Rapid Deconstruct  Erth           3%         3d5*      100%        5
 Metabolic Englaciation   Hex/Ice        3%         N/A       100%        5
 Death Channel            Necr           3%         N/A       100%        6
 Simulacrum               Ice/Necr       3%         N/A       100%        6
 Statue Form              Tmut/Erth      13%        N/A       100%        6
 Dragon Form              Tmut           17%        N/A       100%        7
 Storm Form               Tmut/Air       10%        N/A       100%        7
 Summon Hydra             Summ           3%         N/A       100%        7


Dungeon Overview and Level Annotations

Branches:
Dungeon (10/15)            Temple (0/1) D:7            Lair (5/5) D:8
 Spider (1/4) Lair:3        Slime (0/5) Lair:5          Orc (2/2) D:9
    Elf (0/3) Orc:2         Sewer (visited)         Volcano (visited)
  Swamp: Lair:2-3    Shoals: Lair:2-3

Altars:
Cheibriados
Dithmenos
Gozag
Hepliaklqana
Nemelex Xobeh
Okawaru
Qazlal
Lugonu

Shops:
D:4 :   Orc:1 (   Orc:2 (?!?

Portals:
Abyss: Lair:5

Annotations:
D:4 2 runed translucent doors
Lair:5 3 runed translucent doors, kairosrom117's ghost, journeyman DrFE


Innate Abilities, Weirdness & Mutations

Your life essence is reduced to manifest your ancestor. (-10% HP)
You are small and have problems with some larger weapons.
You are completely attuned to the shadows.
Your spells are a little harder to cast, but a little more powerful.
You are vulnerable to cold. (rC-)


Message History

The redback bites you but does no damage.
You shoot a bolt. The bolt hits the redback!!!!
You kill the redback!
The culicivora closely misses you.
The culicivora bites you but does no damage.
Busisiwe hits the redback with a +0 broad axe of flaming!
Busisiwe burns the redback.
The redback is healed somewhat.
The redback closely misses you.
Busisiwe barely misses the redback.
The redback closely misses you.
Busisiwe closely misses the redback.
The redback bites you!
You shoot a bolt. The bolt hits the redback!!!
You kill the redback!
The redback barely misses you. The redback bites you.
You are poisoned.
The redback poisons you!
The redback bites you but does no damage.
The redback closely misses you.
The redback bites you but does no damage.
Busisiwe hits the redback with a +0 broad axe of flaming!
Busisiwe burns the redback.
The redback barely misses you. The redback bites you!
You shoot a bolt. The bolt hits the redback!!
You kill the redback!
You feel extremely sick.
The redback bites you but does no damage.
The culicivora barely misses you.
The redback bites you but does no damage.
Busisiwe hits the culicivora with a +0 broad axe of flaming!
Busisiwe burns the culicivora.
The redback bites you!
The culicivora bites you but does no damage.
Busisiwe barely misses the culicivora.
The redback bites you.
You are lethally poisoned!
The redback poisons you! The culicivora barely misses you.
You are too injured to fight recklessly!
Unknown command.
The redback attacks as you move away! The redback bites you!
* * * LOW HITPOINT WARNING * * *
You are more poisoned.
The redback poisons you!
You die...

....#R....
..#...##...
.#.#.......)
.....#......
......#.....
.#........#..
...#..#....#.
......#.....#
.....@....###
.#..R.#..##
...##ss###
.†. ...#
...#. .....##


You could see the friendly Busisiwe the knight, a culicivora (ally target) and a
redback.

Vanquished Creatures
  Agnes (Spider:1)
  A ghost moth (Lair:3)
  A spark wasp (Spider:1)
  Harold (Orc:1)
  Fannar (Orc:1)
  4 hydras
  A radroach (Spider:1)
  4 two-headed ogres
  A boulder beetle (D:10)
  8 death yaks
  2 orc high priests (Orc:2)
  Nergalle (D:10)
  2 thrashing horrors (Lair:5)
  A pharaoh ant (Spider:1)
  3 orc knights (Orc:2)
  2 large abominations (Lair:5)
  A steelbarb worm (Spider:1)
  A wolf spider (Spider:1)
  3 orc sorcerers (Orc:2)
  A moth of wrath (Spider:1)
  4 elephants (Lair:3)
  2 torpor snails (Lair:5)
  An ice statue (Lair:4)
  2 black mambas
  3 cane toads
  An unseen horror zombie (D:7)
  2 efreet (Volcano)
  7 komodo dragons
  5 rime drakes
  2 ancient zymes (Lair:5)
  7 meliai
  A merfolk (shapeshifter) (D:8)
  15 blink frogs
  4 tarantellas (Spider:1)
  A hornet (D:8)
  2 dream sheep (Lair:5)
  5 jumping spiders (Spider:1)
  Sigmund (D:6)
  2 spriggans (Lair:5)
  A wraith (D:8)
  5 wyverns (Lair:4)
  26 yaks
  5 fire elementals (Volcano)
  A basilisk (shapeshifter) (Lair:5)
  A ynoxinul (Lair:5)
  8 basilisks
  2 steam dragons
  6 redbacks (Spider:1)
  8 small abominations (Lair:5)
  A vampire mosquito (D:8)
  2 chaos spawn (Lair:5)
  Menkaure (D:6)
  A warg (Orc:1)
  Duvessa (D:5)
  3 acid dragons
  12 water moccasins
  16 orc warriors
  5 ice beasts (Lair:4)
  3 black bears
  A sky beast (D:7)
  2 ogres (Orc:1)
  17 wolves
  5 centaurs
  3 phantoms
  12 bullfrogs
  4 kobold brigands
  2 gnoll sergeants
  2 scorpions (D:6)
  2 wights
  Dowan (D:5)
  5 killer bees
  An electric eel (Lair:4)
  4 howler monkeys
  11 jellies
  A bullfrog zombie (D:7)
  2 centaur zombies (D:7)
  5 hounds
  3 gnoll boudas (D:8)
  13 orc priests
  3 iguanas
  A sleepcap (D:6)
  5 hell rats (Lair:4)
  10 orc wizards
  A killer bee zombie (D:7)
  12 gnolls
  13 adders
  3 river rats (Sewer)
  5 white imps
  An ufetubus (D:5)
  2 worms (D:2)
  2 dart slugs (D:4)
  48 orcs
  4 bats
  6 endoplasms
  6 giant cockroaches
  8 goblins
  7 hobgoblins
  13 jackals
  13 kobolds
  8 quokkas
  13 ball pythons
  4 frilled lizards
  11 rats
  3 fire vortices (Volcano)
513 creatures vanquished.

Vanquished Creatures (collateral kills)
  Gastronok (Lair:1)
  An ice dragon (Lair:4)
  A radroach (Spider:1)
  A tengu warrior (D:8)
  An orc high priest (Orc:2)
  A thrashing horror (Lair:5)
  Urug (Lair:1)
  An orc knight (Orc:2)
  An elephant (Lair:3)
  A smoke demon (Lair:5)
  Maggie (Lair:1)
  3 cane toads
  3 komodo dragons
  A blink frog (Lair:5)
  A jumping spider (shapeshifter) (Lair:5)
  A culicivora (Spider:1)
  A vampire (D:10)
  A ynoxinul (Lair:5)
  A shadow (D:10)
  4 wyverns
  6 yaks
  A large abomination (Lair:5)
  A redback (Spider:1)
  3 basilisks
  A steam dragon (D:7)
  Edmund (D:6)
  A warg (Orc:1)
  4 water moccasins
  2 ice beasts (Lair:4)
  An orc warrior (Orc:1)
  3 ogres
  3 centaurs
  2 wolves
  A phantom (D:6)
  2 small abominations (Lair:5)
  Blork the orc (D:5)
  A wyvern zombie (D:7)
  A scorpion (D:4)
  5 wights (D:7)
  A howler monkey (D:4)
  A jelly (Lair:5)
  A centaur zombie (D:7)
  Crazy Yiuf (D:7)
  3 orc priests
  An iguana (D:6)
  A sleepcap (D:4)
  4 orc wizards
  A howler monkey zombie (D:7)
  7 gnolls
  2 adders
  A white imp (D:5)
  An ufetubus (D:5)
  A worm (D:4)
  4 orcs
  2 kobolds (D:6)
99 creatures vanquished.

Vanquished Creatures (others)
  9 knights
  A howler monkey zombie (D:7)
  2 ancestors (D:4)
  2 bushes (Lair:5)
  68 fungi
  80 plants
  5 withered plants (D:7)
167 creatures vanquished.

Grand Total: 779 creatures vanquished

Notes
Turn   | Place    | Note
-------+----------+-------------------------------------------
     0 | D:1      | Newt the Kobold Hunter began the quest for the Orb.
     0 | D:1      | Reached XP level 1. HP: 12/12 MP: 1/1
   179 | D:1      | Reached XP level 2. HP: 18/18 MP: 2/2
   436 | D:1      | Reached XP level 3. HP: 23/23 MP: 3/3
   815 | D:2      | Identified a scroll of acquirement
   815 | D:2      | Acquired 535 gold pieces
   951 | D:2      | Reached XP level 4. HP: 30/30 MP: 4/4
   954 | D:2      | Found a faded altar of an unknown god.
  1054 | D:2      | Found a shadowy altar of Dithmenos.
  1476 | D:3      | Reached skill level 5 in Fighting
  1508 | D:3      | Found a glowing drain.
  1523 | Sewer    | Entered a sewer
  1586 | Sewer    | Reached XP level 5. HP: 35/35 MP: 5/5
  1664 | Sewer    | Reached skill level 6 in Ranged Weapons
  1986 | Sewer    | Noticed a kobold brigand
  1993 | Sewer    | Killed a kobold brigand
  1994 | Sewer    | Reached skill level 7 in Ranged Weapons
  1994 | Sewer    | Reached XP level 6. HP: 28/40 MP: 6/6
  2517 | D:3      | Found a hazy altar of Hepliaklqana.
  2524 | D:3      | Became a worshipper of Hepliaklqana the Forgotten
  2527 | D:3      | Reached skill level 8 in Ranged Weapons
  2890 | D:3      | Found a sparkling altar of Nemelex Xobeh.
  2980 | D:3      | Reached XP level 7. HP: 42/44 MP: 7/7
  3085 | D:3      | Found an iron altar of Okawaru.
  3112 | D:3      | Found a snail-covered altar of Cheibriados.
  3243 | D:3      | Reached skill level 9 in Ranged Weapons
  3694 | D:4      | Reached * piety under Hepliaklqana
  3805 | D:4      | Found a large runed translucent door.
  3805 | D:4      | Found a large runed translucent door.
  3853 | D:4      | Found a large runed translucent door.
  3854 | D:4      | Found a large runed translucent door.
  3867 | D:4      | Identified the +3 ring mail "Yroika" {Will+}
  4133 | D:4      | Reached skill level 10 in Ranged Weapons
  4180 | D:4      | Identified the staff of earth "Qut Aqing" {Will+ Stlth+}
  4245 | D:4      | Noticed an acid dragon
  4251 | D:4      | Killed an acid dragon
  4252 | D:4      | Reached XP level 8. HP: 44/44 MP: 8/8
  4364 | D:4      | Reached skill level 5 in Dodging
  4376 | D:4      | Identified the +3 war axe "Lafawili" {spect, Str+3 Int+5}
  4474 | D:4      | Found Evid's Book Shop.
  4479 | D:4      | Bought a book of Blood for 308 gold pieces
  4639 | D:4      | Reached skill level 1 in Spellcasting
  4639 | D:4      | Reached skill level 1 in Transmutations
  4655 | D:4      | Learned a level 2 spell: Wereblood
  4669 | D:4      | Got Alistair's Tome of the Changing Assassin
  4694 | D:5      | Entered Level 5 of the Dungeon
  4923 | D:5      | Noticed Dowan
  4925 | D:5      | Noticed Duvessa
  4940 | D:5      | Killed Duvessa
  4941 | D:5      | Reached XP level 9. HP: 40/48 MP: 12/14
  4943 | D:5      | Killed Dowan
  5080 | D:5      | Reached ** piety under Hepliaklqana
  5081 | D:5      | Remembered your ancestor Busisiwe as a knight
  5359 | D:5      | Noticed Blork the orc
  5364 | D:5      | Killed Blork the orc
  5609 | D:6      | Gained mutation: You are agile. (Dex +4, Str/Int -1)
                  | [potion of mutation]
  5609 | D:6      | Gained mutation: Your spells are a little easier to cast,
                  | but a little less powerful. [potion of mutation]
  5638 | D:6      | Noticed Sigmund
  5646 | D:6      | Killed Sigmund
  5654 | D:6      | Reached skill level 5 in Transmutations
  5656 | D:6      | Reached skill level 5 in Spellcasting
  5843 | D:6      | Noticed Edmund
  5849 | D:6      | Killed Edmund
  6184 | D:6      | Noticed Menkaure
  6187 | D:6      | Killed Menkaure
  6188 | D:6      | Reached XP level 10. HP: 53/53 MP: 19/19
  6855 | D:7      | Found a staircase to the Ecumenical Temple.
  7016 | D:7      | Reached skill level 11 in Ranged Weapons
  7267 | D:7      | Reached skill level 12 in Ranged Weapons
  7762 | D:7      | Found a runed translucent door.
  7765 | D:7      | Noticed Crazy Yiuf
  7812 | D:7      | Reached *** piety under Hepliaklqana
  7972 | D:7      | Killed Crazy Yiuf
  8064 | D:8      | Reached skill level 13 in Ranged Weapons
  8179 | D:8      | Found a staircase to the Lair.
  8227 | D:8      | Reached skill level 14 in Ranged Weapons
  8239 | D:8      | Reached skill level 1 in Evocations
  8239 | D:8      | Reached XP level 11. HP: 56/56 MP: 19/21
  8253 | D:8      | Noticed a two-headed ogre
  8258 | D:8      | Killed a two-headed ogre
  8259 | D:8      | Reached skill level 5 in Evocations
  8337 | D:8      | Reached skill level 1 in Invocations
  8372 | D:8      | Noticed a tengu warrior
  8384 | D:8      | Killed a tengu warrior
  8926 | D:8      | Reached skill level 5 in Invocations
  9154 | D:8      | You fall into a shaft and drop 2 floors!
  9154 | D:10     | Entered Level 10 of the Dungeon
  9168 | D:10     | Noticed Nergalle
  9183 | D:10     | Killed Nergalle
  9281 | D:10     | Reached **** piety under Hepliaklqana
  9804 | D:10     | Reached XP level 12. HP: 61/61 MP: 22/22
 10424 | D:9      | Noticed a two-headed ogre
 10483 | D:9      | Killed a two-headed ogre
 10586 | D:9      | Found a staircase to the Orcish Mines.
 10919 | D:10     | Found an opulent altar of Gozag.
 11161 | D:10     | Noticed a boulder beetle
 11177 | D:10     | Killed a boulder beetle
 11515 | D:10     | Found a stormy altar of Qazlal.
 11634 | Lair:1   | Entered Level 1 of the Lair of Beasts
 11634 | Lair:1   | Noticed Maggie
 11640 | Lair:1   | Killed Maggie
 11798 | Lair:1   | Noticed Urug
 11809 | Lair:1   | Killed Urug
 12127 | Lair:1   | Noticed Gastronok
 12146 | Lair:1   | Killed Gastronok
 12408 | Lair:2   | Reached ***** piety under Hepliaklqana
 12665 | Lair:2   | You fall into a shaft and drop 1 floor!
 12681 | Lair:3   | Reached skill level 10 in Dodging
 12689 | Lair:3   | Reached XP level 13. HP: 71/72 MP: 20/23
 12738 | Lair:3   | Reached skill level 15 in Ranged Weapons
 13048 | Lair:3   | Identified the +2 pair of boots of Gosoef {Rampage rN+
                  | rCorr Int+3}
 13326 | Lair:3   | Reached skill level 16 in Ranged Weapons
 13520 | Lair:3   | Found a hole to the Spider Nest.
 13843 | Lair:4   | Noticed a six-headed hydra
 13852 | Lair:4   | Reached skill level 17 in Ranged Weapons
 13857 | Lair:4   | Killed a six-headed hydra
 14157 | Lair:4   | Noticed an ice dragon
 14168 | Lair:4   | Killed an ice dragon
 14244 | Lair:4   | Reached skill level 18 in Ranged Weapons
 14508 | Lair:4   | Identified the +4 kite shield "Qecaireo" {rPois Str+2}
 14633 | Lair:4   | Noticed a seven-headed hydra
 14645 | Lair:4   | Reached skill level 5 in Stealth
 14646 | Lair:4   | Killed a seven-headed hydra
 14676 | Lair:4   | Reached XP level 14. HP: 77/77 MP: 24/24
 15196 | Lair:4   | Identified the +5 scimitar "Hitzu" {heavy, Dex+5}
 15201 | Lair:4   | Identified the +8 plate armour "Xomebb" {Dex+2 Stlth+}
 15223 | Lair:5   | Entered Level 5 of the Lair of Beasts
 15545 | Lair:5   | Reached skill level 19 in Ranged Weapons
 15654 | Lair:5   | Lost mutation: You are agile. (Dex +4, Str/Int -1) [potion
                  | of mutation]
 15654 | Lair:5   | Lost mutation: Your spells are a little easier to cast, but
                  | a little less powerful. [potion of mutation]
 15654 | Lair:5   | Gained mutation: You are frail. (-10% HP) [potion of
                  | mutation]
 15654 | Lair:5   | Gained mutation: Your muscles are strong. (Str +4, Int/Dex
                  | -1) [potion of mutation]
 15655 | Lair:5   | Lost mutation: Your muscles are strong. (Str +4, Int/Dex
                  | -1) [potion of mutation]
 15655 | Lair:5   | Lost mutation: You are frail. (-10% HP) [potion of
                  | mutation]
 15655 | Lair:5   | Gained mutation: You have a pair of small horns on your
                  | head. [potion of mutation]
 15656 | Lair:5   | Lost mutation: You have a pair of small horns on your head.
                  | [potion of mutation]
 15656 | Lair:5   | Gained mutation: You have hidden genetic defects. [potion
                  | of mutation]
 15656 | Lair:5   | Gained mutation: You possess an exceptional clarity of
                  | mind. [potion of mutation]
 15657 | Lair:5   | Lost mutation: You possess an exceptional clarity of mind.
                  | [potion of mutation]
 15657 | Lair:5   | Lost mutation: You have hidden genetic defects. [potion of
                  | mutation]
 15657 | Lair:5   | Gained mutation: Your spells are a little harder to cast,
                  | but a little more powerful. [potion of mutation]
 15657 | Lair:5   | Gained mutation: You are vulnerable to cold. (rC-) [potion
                  | of mutation]
 15882 | Lair:5   | Reached skill level 20 in Ranged Weapons
 16115 | Lair:5   | Reached skill level 21 in Ranged Weapons
 16178 | Lair:5   | Found a corrupted altar of Lugonu.
 16281 | Lair:5   | Found a one-way gate to the infinite horrors of the Abyss.
 16964 | Lair:5   | Found a staircase to the Slime Pits.
 17361 | Lair:5   | Found a runed translucent gate.
 17361 | Lair:5   | Found a runed translucent gate.
 17361 | Lair:5   | Found a runed translucent gate.
 17362 | Lair:5   | Noticed an acid blob
 17362 | Lair:5   | Noticed a quicksilver ooze
 17363 | Lair:5   | Noticed an azure jelly
 17363 | Lair:5   | Noticed an azure jelly
 17363 | Lair:5   | Noticed an acid blob
 17364 | Lair:5   | Noticed kairosrom117's ghost (journeyman DrFE)
 17366 | Lair:5   | Noticed an azure jelly
 17641 | Orc:1    | Entered Level 1 of the Orcish Mines
 17644 | Orc:1    | Noticed Fannar
 17653 | Orc:1    | Killed Fannar
 17678 | Orc:1    | Reached XP level 15. HP: 81/81 MP: 23/25
 17740 | Orc:1    | Found Risadoin's Weapon Shoppe.
 17746 | Orc:1    | Bought the +27 heavy crossbow "Sniper" {heavy, Acc+∞ SInv}
                  | for 1280 gold pieces
 17746 | Orc:1    | Found the +27 heavy crossbow "Sniper" {heavy, Acc+∞ SInv}
 17776 | Orc:2    | Entered Level 2 of the Orcish Mines
 17809 | Orc:2    | Found a dark tunnel.
 17816 | Volcano  | Entered a volcano
 18412 | Orc:2    | Found a staircase to the Elven Halls.
 18727 | Orc:2    | Found Xuemm's Weapon Emporium.
 18727 | Orc:2    | Found Savueqoc's Magic Scroll Shop.
 18729 | Orc:2    | Found Nel Dus's Magic Scroll Emporium.
 18729 | Orc:2    | Found Ragysch's Distillery.
 18734 | Orc:2    | Bought a scroll of identify for 22 gold pieces
 18734 | Orc:2    | Bought a scroll of identify for 22 gold pieces
 18734 | Orc:2    | Bought a scroll of identify for 22 gold pieces
 18737 | Orc:2    | Bought a scroll of magic mapping for 120 gold pieces
 19199 | Orc:1    | Noticed Harold
 19201 | Orc:1    | Killed Harold
 19546 | Spider:1 | Entered Level 1 of the Spider Nest
 19552 | Spider:1 | Reached skill level 15 in Dodging
 19553 | Spider:1 | Noticed a ghost moth
 19559 | Lair:3   | Killed a ghost moth
 19978 | Spider:1 | Noticed Agnes
 19980 | Spider:1 | Killed Agnes
 20296 | Spider:1 | Succumbed to a redback's poison

Illustrated notes

Levels and vault maps discovered:
D:1:      shiori_arrival_elements, layout_basic
D:2:      layout_rooms, basic_altar, shapermc_ecumenical_altar_mp_urbaneastern,
          grunt_ministairs_5
D:3:      layout_basic, mainiacjoe_overflow_small_starburst,
          nemelex_diamond_rough_becter, mainiacjoe_overflow_catwalk_spiral,
          portal_sewer_entry_f, grunt_decor_arrowhead, minmay_misc_feat_chi,
          cheibrodos_gnoll_hut
D:4:      minmay_chambers_of_twos, layout_basic, serial_shops, shop_fountains,
          minmay_hollow_rounded_squares
D:5:      layout_basic, uniq_blork_the_orc, uniq_duvessa
D:6:      minmay_spotlight, layout_basic, uniq_menkaure, uniq_sigmund,
          uniq_edmund
D:7:      layout_loops_ring, temple_green, serial_undead, serial_undead_e,
          serial_undead_e, serial_undead_b, serial_undead_a,
          minmay_fractal_squares_diagonal_5, uniq_crazy_yiuf_cottage
D:8:      cheibrodos_fzero, layout_basic, david_lair_generic
D:9:      layout_loops_ring, orc_0_dummy, minmay_misc_feat_pillars,
          nicolae_elevator_lobby_asterisk
D:10:     layout_cave_pods, mainiacjoe_overflow_divided_tiny, uniq_nergalle
Lair:1:   layout_gridlike, grunt_forest_small_clearings, uniq_maggie,
          uniq_gastronok, uniq_urug
Lair:2:   layout_gridlike, minmay_swamp_entry_reptiles,
          ebering_ghost_rock_garden, grunt_megastairs_2
Lair:3:   layout_long_grid, hellmonk_spider_entry_not_the_bees,
          grunt_megastairs_4
Lair:4:   layout_loops_ring, special_room [special_room_mythical_zoo],
          ice2_lemuel, lemuel_fruit_tree, infiniplex_staircase_pool
Lair:5:   hellmonk_lair_end_abyssal_woods, layout_loops_ring,
          nicolae_slime_entry_field_trip, gammafunk_ghost_ooze
Spider:1: layout_spider_delve, uniq_agnes
Orc:1:    layout_caves, serial_shops, nicolae_shop_bloodbath_and_beyond,
          uniq_fannar, uniq_harold
Orc:2:    grunt_orc_tribal_feast, layout_caves, nicolae_volcano_entry_s_turn

Skill      XL: |  1  2  3  4  5  6  7  8  9 10 11 12 13 14 15 |
---------------+----------------------------------------------+-----
Fighting       | 3 4 5 9 |  9.0
Ranged Weapons | 7 8 10 14 18 21 | 21.5
Dodging        | 4 6 10 12 16 | 16.0
Spellcasting   | 3 6 7 |  7.0
Transmutations | 3 6 7 |  7.0
Evocations     | 1 6 |  6.0
Invocations    | 8 9 |  9.0
Stealth        | 6 |  6.0

Action                     |  1- 3 |  4- 6 |  7- 9 | 10-12 | 13-15 || total
---------------------------+-------+-------+-------+-------+-------++-------
   Fire: Shortbow          |    87 |   154 |   266 |   618 |   773 ||  1898
         Heavy crossbow    |       |       |       |       |   115 ||   115
   Cast: Wereblood         |       |       |     2 |    15 |    18 ||    35
 Invoke: Ancestor Life: Kn |       |       |     1 |       |       ||     1
         Recall Ancestor   |       |       |       |     2 |     2 ||     4
         Idealise          |       |       |       |       |     3 ||     3
  Evoke: Wand              |       |       |       |     2 |       ||     2
    Use: Scroll            |     2 |     7 |     1 |     5 |    11 ||    26
         Potion            |       |       |     2 |     3 |     8 ||    13
 Armour: Leather armour    |    12 |    19 |    15 |    39 |    91 ||   176
         Shadow dragon sca |       |       |       |       |    12 ||    12
  Dodge: Dodged            |    61 |    91 |    92 |   202 |   434 ||   880

Table legend: (Time is in decaauts)
 A = Elapsed time spent in this place.
 B = Non-inter-level travel time spent in this place.
 C = Inter-level travel time spent in this place.
 D = Time resting spent in this place.
 E = Time spent auto-exploring this place.
 F = Levels seen in this place.
 G = Mean time per level.
                   A        B        C        D        E       F      G
               +--------+--------+--------+--------+--------+-----+--------+
         Total |  20449 |  19592 |    857 |   2551 |  13786 |  20 | 1022.5 |
       Dungeon |  10876 |  10415 |    461 |    650 |   8193 |  10 | 1087.6 |
          Lair |   6175 |   5890 |    285 |   1313 |   3523 |   5 | 1235.0 |
   Spider Nest |    446 |    446 |      0 |    104 |    196 |   1 |  446.0 |
  Orcish Mines |   1372 |   1263 |    109 |      0 |    999 |   2 |  686.0 |
         Sewer |   1092 |   1092 |      0 |     97 |    866 |   1 | 1092.0 |
       Volcano |    485 |    485 |      0 |    387 |      7 |   1 |  485.0 |
               +--------+--------+--------+--------+--------+-----+--------+

Top non-repeatable levels by time:
  Lair:5: 2000 daAuts
  Lair:4: 1642 daAuts
  Lair:3: 1418 daAuts
     D:3: 1291 daAuts
    D:10: 1278 daAuts
     D:9: 1246 daAuts
     D:8: 1208 daAuts
     D:6: 1203 daAuts
     D:7: 1202 daAuts
   Sewer: 1092 daAuts
     D:4: 1074 daAuts
   Orc:2: 1044 daAuts
     D:5: 915 daAuts
     D:1: 822 daAuts
  Lair:1: 793 daAuts
